 Dungeon Crawl Stone Soup version 0.32-a0-872-g59262bdc9b (webtiles) character file.

Game seed: 13793300484459525996

5071 spaghetti the Basher (level 10, -5/86 HPs)
             Began as a Naga Warper on Mar 31, 2024.
             Was an Initiate of Gozag.
             Killed themself with a badly aimed rupture (9 damage)
             ... on level 9 of the Dungeon.
             The game lasted 00:18:25 (8765 turns).

spaghetti the Basher (Naga Warper)                  Turns: 8765, Time: 00:18:26

Health: -5/86      AC: 10    Str: 15    XL:     10   Next: 56%
Magic:  11/17      EV: 10    Int: 17    God:    Gozag
Gold:   576        SH:  0    Dex: 12    Spells: 11/19 levels left

rFire   + . .        c - +0 flail (distort)
rCold   + . .        (no shield)
rNeg    . . .        t - +2 robe {rC+}
rPois   +            o - +0 helmet
rElec   .            b - +0 cloak {rCorr}
rCorr   +            j - +0 pair of gloves
SInv    +            (no barding)
Will    ++...        m - amulet "Lenyre" {Will+ Regen+ Str+2}
Stlth   +            l - ring of protection from fire
HPRegen 1.14/turn    (no ring)
MPRegen 0.15/turn

%: no passive effects
@: on blink cooldown, very slow
A: AC +3, large, see invisible, deformed body, poison resistance, slowness 2,
spit poison 1, naga tail 1
a: Spit Poison, Renounce Religion, Potion Petition, Call Merchant, Bribe Branch


You were on level 9 of the Dungeon.
You worshipped Gozag.
Gozag was pleased with you.
You visited 2 branches of the dungeon, and saw 10 of its levels.

You collected 2093 gold pieces.
You spent 608 gold pieces at shops.
You paid 909 gold pieces to Gozag.

Inventory:

Hand Weapons
 c - a +0 flail of distortion (weapon)
Missiles
 d - 9 darts of dispersal
 n - 16 poisoned darts
Armour
 b - a +0 cloak of preservation (worn)
 j - a +0 pair of gloves (worn)
 o - a +0 helmet (worn)
 t - a +2 robe of cold resistance (worn)
Jewellery
 l - a ring of protection from fire (left hand)
 m - the amulet "Lenyre" (around neck) {Will+ Regen+ Str+2}
   (You bought it in a shop on level 8 of the Dungeon)

   [amulet of regeneration]

   Str+2:     It affects your strength (+2).
   Will+:     It increases your willpower.
   Regen+:    It increases your rate of health regeneration.
Wands
 a - a wand of warping (8)
 e - a wand of flame (47)
 r - a wand of mindburst (11)
 s - a wand of polymorph (12)
Scrolls
 f - 4 scrolls of brand weapon
 g - a scroll of vulnerability
 h - a scroll of poison
 i - 2 scrolls of immolation
 k - 3 scrolls of enchant armour
 q - 3 scrolls of identify
Potions
 p - 2 potions of brilliance
 u - a potion of enlightenment


   Skills:
 + Level 4.2 Fighting
 * Level 9.6 Maces & Flails
 - Level 2.0 Polearms
 - Level 0.8 Throwing
 + Level 3.6 Armour
 + Level 3.8 Dodging
 - Level 5.0 Spellcasting
 - Level 6.0 Translocations
 - Level 6.0 Air Magic


You had 11 spell levels left.
You knew the following spells:

 Your Spells              Type           Power      Damage    Failure   Level
a - Vhi's Electric Charg  Tloc/Air       48%        N/A       12%         4
b - Blink                 Tloc           48%        N/A       1%          2
c - Lesser Beckoning      Tloc           48%        N/A       1%          2

Your spell library contained the following spells:

 Spells                   Type           Power      Damage    Failure   Level
 Swiftness                Air            24%        N/A       3%          3
 Teleport Other           Tloc           24%        N/A       3%          3
 Maxwell's Portable Pile  Tloc           24%        2d(9-17)  12%         4
 Ensorcelled Hibernation  Hex/Ice        8%         N/A       22%         2
 Passwall                 Erth           4%         N/A       38%         3


Dungeon Overview and Level Annotations

Branches:
Dungeon (9/15)             Temple (1/1) D:4
   Lair: D:8-11         Orc: D:9-12

Altars:
Ashenzari
Cheibriados
Dithmenos
Elyvilon
Fedhas
Gozag
Hepliaklqana
Kikubaaqudgha
Makhleb
Nemelex Xobeh
Okawaru
Qazlal
Ru
Sif Muna
Trog
Uskayaw
Vehumet
Wu Jian
Xom
Yredelemnul
Zin
The Shining One

Shops:
D:8 [=

Annotations:
D:8 exclusion: lindwurm
Abyss:1 Pikel, Prince Ribbit


Innate Abilities, Weirdness & Mutations

Your serpentine skin is tough. (AC +3)
You have supernaturally acute eyesight. (SInv)
Armour fits poorly on your strangely shaped body.
Your system is resistant to poisons. (rPois)
You cover ground very slowly.
You can spit poison.
You have a snake-like lower body.


Message History

You close the door.
Something unseen breaks down the door.
Okay, then.
Casting: Vhi's Electric Charge (dangerous; 12% risk of failure)
Confirm with . or Enter, or press ? or * to list all spells.
You blink.
Unknown command.
Unknown command.
Aiming: Warp Space
Press: ? - help, Shift-Dir - straight line Space twists violently!
The rupture engulfs the two-headed ogre!
The two-headed ogre is moderately wounded.
Unknown command.
Unknown command.
Aiming: Warp Space
Press: ? - help, Shift-Dir - straight line Space twists violently!
The rupture engulfs the two-headed ogre.
The two-headed ogre blinks!
The two-headed ogre is moderately wounded.
Unknown command.
Unknown command.
You sock the two-headed ogre!
Space warps horribly around the two-headed ogre!
The two-headed ogre is severely wounded.
The two-headed ogre hits you with a +0 giant spiked club!
* * * LOW HITPOINT WARNING * * *
The two-headed ogre hits you with a +0 giant club!!
* * * LOW HITPOINT WARNING * * *
Unknown command.
Okay, then.
Okay, then.
Aiming: Warp Space
Press: ? - help, Shift-Dir - straight line Space twists violently!
The rupture engulfs the two-headed ogre!
The two-headed ogre is almost dead.
The rupture engulfs you!
You blink.
You die...
Your body crumbles into a pile of gold.

#.)..#.#######.. ... ##
#....#.# ..#..##..#####..#
#....#.# ..+...#.........#
#....#.# ..#...#....$....#
#....#.# ..#...#.........#
#..[.#.# ...#...#O........#
#....'.####'##...#.........#
#....#....§O.....#........##
.....####......T@#........#
........#........'........#
........##########..#######
....................#
....................#
....................#
....................#
....................#
....................#


You could see a two-headed ogre and a troll.

Vanquished Creatures
  A troll (D:9)
  A hornet (D:7)
  4 yaks (D:9)
  2 steam dragons (D:6)
  A water moccasin (D:8)
  Edmund (D:4)
  An orc warrior (D:8)
  An ogre (D:7)
  A black bear (D:3)
  A sky beast (D:7)
  A phantom (D:6)
  2 centaurs
  A kobold brigand (D:5)
  3 bullfrogs
  4 scorpions
  8 killer bees
  3 howler monkeys
  A bombardier beetle (D:4)
  3 hounds
  2 jellies (D:8)
  2 orc priests
  Crazy Yiuf (D:3)
  A sleepcap (D:7)
  Jessica (D:3)
  4 iguanas
  7 orc wizards
  Natasha (thrice) (D:3)
  Robin (D:3)
  8 gnolls
  7 adders
  A shadow imp (D:7)
  2 white imps
  2 ufetubi (D:6)
  2 dart slugs
  27 orcs
  3 ball pythons
  6 bats
  9 endoplasms
  A giant cockroach (D:2)
  15 goblins
  7 hobgoblins
  4 jackals (D:2)
  14 kobolds
  5 quokkas
  3 rats
178 creatures vanquished.

Vanquished Creatures (others)
  Maurice (D:8)
1 creature vanquished.

Grand Total: 179 creatures vanquished

Notes
Turn   | Place    | Note
-------+----------+-------------------------------------------
     0 | D:1      | spaghetti the Naga Warper began the quest for the Orb.
     0 | D:1      | Reached XP level 1. HP: 19/19 MP: 3/3
   321 | D:1      | Reached XP level 2. HP: 25/26 MP: 5/5
   470 | D:1      | Reached XP level 3. HP: 32/32 MP: 6/6
   838 | D:2      | Found a glowing silver altar of Zin.
  1160 | D:2      | Reached XP level 4. HP: 34/39 MP: 8/8
  1484 | D:3      | Identified the +4 flail of Hugryrgho {flame, rPois rF+
                  | Str-5 Int+2}
  1494 | D:3      | Noticed Jessica
  1501 | D:3      | Killed Jessica
  1502 | D:3      | Reached XP level 5. HP: 21/45 MP: 10/10
  1779 | D:3      | Noticed Robin
  1862 | D:3      | Killed Robin
  2054 | D:3      | Learned a level 4 spell: Vhi's Electric Charge
  2055 | D:3      | Noticed Natasha
  2063 | D:3      | Killed Natasha
  2131 | D:3      | Reached skill level 1 in Air Magic
  2131 | D:3      | Reached XP level 6. HP: 52/52 MP: 12/12
  2202 | D:3      | Noticed Natasha
  2209 | D:3      | Killed Natasha
  2210 | D:3      | Reached skill level 5 in Translocations
  2397 | D:3      | Found a runed translucent door.
  2398 | D:3      | Noticed Crazy Yiuf
  2398 | D:3      | Noticed Natasha
  2785 | D:3      | Killed Natasha
  2794 | D:3      | Killed Crazy Yiuf
  2888 | D:4      | Noticed a black bear
  2893 | D:3      | Killed a black bear
  2932 | D:4      | Reached XP level 7. HP: 60/60 MP: 13/13
  2998 | D:4      | Learned a level 2 spell: Blink
  3049 | D:4      | Noticed Edmund
  3064 | D:4      | Killed Edmund
  3065 | D:4      | Reached skill level 5 in Spellcasting
  3090 | D:4      | Learned a level 2 spell: Lesser Beckoning
  3301 | D:4      | Reached skill level 1 in Maces & Flails
  3413 | D:4      | Found a staircase to the Ecumenical Temple.
  3510 | Temple   | Entered the Ecumenical Temple
  3559 | Temple   | Became a worshipper of Gozag Ym Sagoz the Greedy
  3610 | D:4      | Noticed Pikel
  3655 | D:4      | Banished Pikel
  3656 | D:4      | Reached skill level 5 in Maces & Flails
  3656 | D:4      | Reached skill level 5 in Air Magic
  3656 | D:4      | Reached XP level 8. HP: 45/67 MP: 15/15
  4006 | D:5      | Entered Level 5 of the Dungeon
  4242 | D:5      | Identified a scroll of acquirement
  4242 | D:5      | Acquired 946 gold pieces
  4375 | D:5      | Reached skill level 6 in Maces & Flails
  4861 | D:6      | Reached skill level 7 in Maces & Flails
  4898 | D:6      | Found a hazy altar of Hepliaklqana.
  4899 | D:6      | Found a white marble altar of Elyvilon.
  4899 | D:6      | Found a sacrificial altar of Ru.
  4912 | D:6      | Reached XP level 9. HP: 73/73 MP: 16/16
  4925 | D:6      | Reached skill level 1 in Armour
  4953 | D:6      | Noticed Prince Ribbit
  4966 | D:6      | Found a shadowy altar of Dithmenos.
  4966 | D:6      | Found a burning altar of Makhleb.
  4970 | D:6      | Banished Prince Ribbit
  5124 | D:6      | Found a glowing golden altar of the Shining One.
  5127 | D:6      | Found a basalt altar of Yredelemnul.
  5948 | D:7      | Reached skill level 8 in Maces & Flails
  6098 | D:7      | Noticed a hornet
  6651 | D:8      | Found Bolilico's Armour Shop.
  6671 | D:8      | Bought the amulet "Lenyre" {Will+ Regen+ Str+2} for 608
                  | gold pieces
  6957 | D:8      | Noticed Maurice
  6969 | D:8      | Noticed a lindwurm
  6970 | D:8      | Noticed a lindwurm
  6970 | D:8      | Noticed a lindwurm
  6971 | D:8      | Killed Maurice
  6972 | D:8      | Reached XP level 10. HP: 53/84 MP: 1/17
  7642 | D:8      | Noticed a lindwurm
  7940 | D:7      | Reached skill level 9 in Maces & Flails
  8373 | D:9      | Noticed a two-headed ogre
  8750 | D:9      | Noticed a two-headed ogre
  8764 | D:9      | HP: 4/86 [two-headed ogre/+0 giant spiked club (20)]
  8765 | D:9      | Killed themself with a badly aimed rupture

Illustrated notes

Levels and vault maps discovered:
D:1:      lemuel_arrival_tunnels, layout_rooms
D:2:      layout_rooms, basic_altar, hangedman_decor_points
D:3:      layout_loops_ring, chequers_arboretum, chequers_big_river,
          uniq_natasha, uniq_jessica, uniq_robin, uniq_crazy_yiuf_cottage
D:4:      layout_loops_ring, minmay_temple_entry_purple_smoke, uniq_pikel,
          uniq_edmund
D:5:      minmay_polygon_palace, layout_loops_ring, minmay_misc_feat_room
D:6:      layout_gridville, grunt_temple_overflow_open, minmay_strange_pillars,
          uniq_prince_ribbit1
D:7:      layout_basic, grunt_decor_cap
D:8:      layout_gridville, serial_shops, nicolae_shop_trees,
          minmay_lindwurm_lava, uniq_maurice
D:9:      layout_irregular_city
Temple:   hellmonk_temple_of_storms

Skill      XL: |  1  2  3  4  5  6  7  8  9 10 |
---------------+-------------------------------+-----
Spellcasting   | 3 4 5 |  5.0
Translocations | 4 5 6 |  6.0
Air Magic      | 1 3 5 6 |  6.0
Maces & Flails | 5 7 8 9 |  9.6
Armour         | 2 3 |  3.6
Dodging        | 3 |  3.8
Fighting       | 3 4 |  4.2
Polearms       | |  2.0
Throwing       | |  0.8

Action                     |  1- 3 |  4- 6 |  7- 9 | 10-12 || total
---------------------------+-------+-------+-------+-------++-------
  Melee: Spear             |   111 |       |       |       ||   111
         Long sword        |       |   128 |       |       ||   128
         Quarterstaff      |       |     7 |    32 |       ||    39
         Flail             |       |       |   260 |   140 ||   400
  Throw: Dart              |     1 |       |       |       ||     1
   Cast: Blink             |       |       |     5 |     5 ||    10
         Vhi's Electric Ch |       |       |    12 |     5 ||    17
         Lesser Beckoning  |       |       |       |     2 ||     2
 Invoke: Call Merchant     |       |       |     1 |       ||     1
         Potion Petition   |       |       |       |     1 ||     1
Ability: Spit Poison       |    21 |    19 |    52 |    18 ||   110
  Evoke: Wand              |       |       |    12 |     3 ||    15
    Use: Scroll            |     5 |     4 |     5 |     3 ||    17
         Potion            |     2 |     5 |     6 |     2 ||    15
   Stab: Sleeping          |     1 |       |       |       ||     1
         Distracted        |       |       |     1 |       ||     1
 Armour: Leather armour    |    66 |    21 |       |       ||    87
         Robe              |       |   134 |   299 |   227 ||   660
         Skin              |       |    18 |       |       ||    18
  Dodge: Dodged            |    51 |    90 |   186 |   145 ||   472

Table legend: (Time is in decaauts)
 A = Elapsed time spent in this place.
 B = Non-inter-level travel time spent in this place.
 C = Inter-level travel time spent in this place.
 D = Time resting spent in this place.
 E = Time spent auto-exploring this place.
 F = Levels seen in this place.
 G = Mean time per level.
                   A        B        C        D        E       F      G
               +--------+--------+--------+--------+--------+-----+--------+
         Total |  10947 |  10321 |    626 |    688 |   7890 |  10 | 1094.7 |
       Dungeon |  10871 |  10286 |    585 |    688 |   7856 |   9 | 1207.9 |
        Temple |     76 |     35 |     41 |      0 |     34 |   1 |   76.0 |
               +--------+--------+--------+--------+--------+-----+--------+

Top non-repeatable levels by time:
     D:8: 1904 daAuts
     D:3: 1903 daAuts
     D:6: 1615 daAuts
     D:4: 1310 daAuts
     D:2: 971 daAuts
     D:1: 897 daAuts
     D:7: 847 daAuts
     D:5: 749 daAuts
     D:9: 671 daAuts
  Temple: 76 daAuts
